 Dungeon Crawl Stone Soup version 0.28-a0-297-g99b01970c5 (webtiles) character file.

Game seed: 7256732938624559334

34 Leissi the Poker (level 3, 0/26 HPs)
             Began as a Djinni Wanderer on Aug 29, 2021.
             Slain by Sigmund (4 damage)
             ... on level 2 of the Dungeon.
             The game lasted 00:02:11 (1406 turns).

Leissi the Poker (Djinni Wanderer)                  Turns: 1406, Time: 00:02:13

Health: 0/26       AC:  2    Str: 14    XL:     3   Next: 50%
Gold:   53         EV: 10    Int: 12    God:
                   SH:  3    Dex: 11

rFire   + + .      SeeInvis .   a - +2 spear
rCold   x . .      Faith    .   c - +0 buckler
rNeg    . . .      Spirit   .   d - +0 robe
rPois   ∞          Reflect  .   (no helmet)
rElec   .          Harm     .   (no cloak)
rCorr   .          Rampage  .   (no gloves)
Will    .....                   (boots unavailable)
Stlth   +.........              (no amulet)
HPRegen 0.08/turn               e - ring of wizardry
MPRegen 0.00/turn               (no ring)

@: flying
A: sickness immunity, fire resistance 2, cold vulnerability 1, float, innate
caster, hp casting, extra vitality 1
a: no special abilities


You were on level 2 of the Dungeon.
You visited 1 branch of the dungeon, and saw 2 of its levels.

You collected 53 gold pieces.

Inventory:

Hand Weapons
 a - a +2 spear (weapon)
 b - a +0 falchion
Armour
 c - a +0 buckler (worn)
 d - a +0 robe (worn)
Jewellery
 e - a ring of wizardry (left hand)
Scrolls
 f - a scroll of fog {unknown}
 g - a scroll of identify {unknown}
 h - 2 scrolls of teleportation {unknown}
 i - a scroll of holy word {unknown}
 k - a scroll of amnesia {unknown}
 l - a scroll of noise {unknown}


   Skills:
 + Level 0.6 Fighting
 - Level 1.0(2.6) Axes
 + Level 4.0(4.1) Polearms
 - Level 1.0 Throwing
 + Level 2.0 Armour
 + Level 0.1 Dodging
 + Level 1.0 Stealth
 + Level 1.1 Shields
 * Level 0.1 Spellcasting


You had one spell level left.
You knew the following spells:

 Your Spells              Type           Power      Damage    Failure   Level
a - Shock                 Conj/Air       0%         1d3       17%         1
Your spell library was empty.

Dungeon Overview and Level Annotations

Branches:
Dungeon (2/15)

Altars:
Dithmenos

Annotations:
D:2 Sigmund


Innate Abilities, Weirdness & Mutations

You are immune to sickness and miasma.
You are immune to poison.
Your flesh is very heat resistant. (rF++)
You are vulnerable to cold. (rC-)
You float through the air rather than walking.
You learn spells naturally, not from books.
Your magical power is your life essence.
You have superior vitality. (+4 HP)


Message History

You barely miss the ball python. You block Sigmund's attack.
The ball python closely misses you. The ball python grabs you.
The ball python constricts you.
You hit the ball python.
The ball python is heavily wounded.
The ball python bites you. The ball python constricts you.
Sigmund hits you but does no damage.
You hit the ball python.
You kill the ball python!
You reach to attack!
You completely miss Sigmund.
Sigmund is lightly wounded.
Sigmund hits you from afar with a +0 scythe.
You reach to attack!
You hit Sigmund.
Sigmund is moderately wounded.
You reach to attack!
You hit Sigmund but do no damage.
Sigmund is moderately wounded.
Sigmund barely misses you.
You reach to attack!
You hit Sigmund.
Sigmund is heavily wounded.
Sigmund casts a spell at you. The magic dart hits you!
You are too injured to fight recklessly!
You are too injured to fight recklessly!
You are too injured to fight recklessly!
Unknown command.
Reach: a) +2 spear
Press: ? - help, Dir - move target, f/p - Sigmund
Aim: Sigmund, wielding a +0 scythe and wearing a +0 robe (heavily wounded, about 40% to evade your +2 spear)
You reach to attack!
You barely miss Sigmund.
Sigmund is heavily wounded.
Sigmund hits you from afar with a +0 scythe.
* * * LOW HITPOINT WARNING * * *
It was a potion of cancellation.
You feel magically purged.
Reach: a) +2 spear
Press: ? - help, Dir - move target, f/p - Sigmund
Aim: Sigmund, wielding a +0 scythe and wearing a +0 robe (heavily wounded, about 40% to evade your +2 spear)
You reach to attack!
You closely miss Sigmund.
Sigmund is heavily wounded.
Sigmund hits you from afar with a +0 scythe.
You die...

.... #... #.... #+#
#.... #.# ...... #####
#######.#
......###...####....##.#
.......................#
.......@................
.......#########....#..#
...#.@. #....#..# . #...
#######.# #... #.. ####
#.. #.... #..... #..._.


You could see Sigmund.

Vanquished Creatures
  An ufetubus (D:2)
  A worm (D:2)
  4 ball pythons
  A bat (D:1)
  3 endoplasms
  3 goblins (D:1)
  4 hobgoblins (D:1)
  4 kobolds
  2 rats (D:1)
23 creatures vanquished.

Notes
Turn   | Place    | Note
-------+----------+-------------------------------------------
     0 | D:1      | Leissi the Djinni Wanderer began the quest for the Orb.
     0 | D:1      | Reached XP level 1. HP: 15/15 MP: 0/0
    86 | D:1      | Reached XP level 2. HP: 12/21 MP: 0/0
  1106 | D:2      | Reached XP level 3. HP: 16/25 MP: 0/0
  1106 | D:2      | Learned a level 1 spell: Shock
  1137 | D:2      | Found a shadowy altar of Dithmenos.
  1144 | D:2      | Reached skill level 4 in Polearms
  1393 | D:2      | Noticed Sigmund
  1406 | D:2      | Slain by Sigmund

Illustrated notes

Levels and vault maps discovered:
D:1:      elethiomel_arrival_shortcut, layout_basic, kennysheep_doodads
D:2:      layout_basic, basic_altar, chequers_ecumenical_altar_grove,
          chequers_serial_rivers_micro_b, uniq_sigmund

Skill      XL: |  1  2  3 |
---------------+----------+-----
Polearms       | 4 |  4.0
Fighting       | |  0.6
Axes           | |  1.0
Throwing       | |  1.0
Armour         | |  2.0
Dodging        | |  0.1
Stealth        | |  1.0
Shields        | |  1.1
Spellcasting   | |  0.1

Action                   || total
-------------------------++-------
Melee: Spear             ||    74
 Cast: Shock             ||     3
  Use: Potion            ||     1
Armor: Robe              ||     9
Dodge: Dodged            ||    25
Block: Buckler           ||    11

Table legend: (Time is in decaauts)
 A = Elapsed time spent in this place.
 B = Non-inter-level travel time spent in this place.
 C = Inter-level travel time spent in this place.
 D = Time resting spent in this place.
 E = Time spent auto-exploring this place.
 F = Levels seen in this place.
 G = Mean time per level.
                   A        B        C        D        E       F      G
               +--------+--------+--------+--------+--------+-----+--------+
         Total |   1402 |   1361 |     41 |    443 |    754 |   2 |  701.0 |
       Dungeon |   1402 |   1361 |     41 |    443 |    754 |   2 |  701.0 |
               +--------+--------+--------+--------+--------+-----+--------+

Top non-repeatable levels by time:
     D:1: 1093 daAuts
     D:2: 308 daAuts
